TOP OF THE 1ST |
Kalamazoo Royale with Cheese batting - Pitching for Madison Bombers : RHP Soh Suzuki
|
Pitching: RHP Soh Suzuki
|
|
Batting: RHB Fernando Martínez
|
0-0: Ground out 6-3 (Groundball, 6M)
|
Batting: LHB Robinson Fernández
|
0-0: Ball 1-0: Ball 2-0: Ball 3-0: Base on Balls
|
Batting: LHB William Ruffo
|
0-0: Foul Ball, location: 2F 0-1: 2-RUN HOME RUN (Flyball, 9D), Distance : 366 ft
|
Batting: LHB Seung-woo Yi
|
0-0: Ball 1-0: Called Strike 1-1: Ball 2-1: Foul Ball, location: 2F 2-2: Ball 3-2: Foul Ball, location: 2F 3-2: Base on Balls
|
Batting: RHB Miguel Encarnación
|
0-0: Called Strike 0-1: Foul Ball, location: 2F 0-2: Strikes out swinging
|
Batting: RHB Jorge Márquez
|
0-0: Ball 1-0: Called Strike 1-1: Fielders Choice at 2nd, 6-4 (Groundball, 6)
|
Top of the 1st over - 2 run(s), 1 hit(s), 0 error(s), 0 left on base; Kalamazoo 2 - Madison 0 |
BOTTOM OF THE 1ST |
Madison Bombers batting - Pitching for Kalamazoo Royale with Cheese : RHP Jason Taylor
|
Pitching: RHP Jason Taylor
|
|
Batting: LHB Robin Hill
|
0-0: Ball 1-0: Ball 2-0: Ball 3-0: Called Strike 3-1: Swinging Strike 3-2: Fly out, F8 (Flyball, 89XD)
|
Batting: RHB Alonso Holguín
|
0-0: Ball 1-0: Foul Ball, location: 2F 1-1: Ball 2-1: Foul Ball, location: 2F 2-2: Ball 3-2: Ground out 4-3 (Groundball, 34)
|
Batting: LHB Seung-chun Mun
|
0-0: Called Strike 0-1: Ball 1-1: Foul Ball, location: 2F 1-2: Ground out 4-3 (Groundball, 4)
|
Bottom of the 1st over - 0 run(s), 0 hit(s), 0 error(s), 0 left on base; Kalamazoo 2 - Madison 0 |
TOP OF THE 2ND |
Kalamazoo Royale with Cheese batting - Pitching for Madison Bombers : RHP Soh Suzuki
|
Batting: LHB Juan Sánchez
|
0-0: Foul Ball, location: 2F 0-1: Ball 1-1: Swinging Strike 1-2: SINGLE (Groundball, 3D)
|
Batting: LHB Bill McJannett
|
0-0: Ball 1-0: Ball 2-0: Foul Ball, location: 2F 2-1: Called Strike 2-2: Strikes out swinging
|
Batting: RHB Jonathan MacVey
|
0-0: Called Strike 0-1: Foul Ball, location: 2F 0-2: Strikes out swinging
|
Batting: RHB Fernando Martínez
|
0-0: Called Strike 0-1: Called Strike 0-2: Strikes out looking
|
Top of the 2nd over - 0 run(s), 1 hit(s), 0 error(s), 1 left on base; Kalamazoo 2 - Madison 0 |
BOTTOM OF THE 2ND |
Madison Bombers batting - Pitching for Kalamazoo Royale with Cheese : RHP Jason Taylor
|
Batting: RHB Vicente Aguirre
|
0-0: Called Strike 0-1: Foul Ball, location: 2F 0-2: Strikes out swinging
|
Batting: LHB Mike Callahan
|
0-0: Ball 1-0: Ball 2-0: Called Strike 2-1: Fly out, F7 (Flyball, 7LM)
|
Batting: RHB Sergio Márquez
|
0-0: Ground out U3 (Groundball, 3)
|
Bottom of the 2nd over - 0 run(s), 0 hit(s), 0 error(s), 0 left on base; Kalamazoo 2 - Madison 0 |
TOP OF THE 3RD |
Kalamazoo Royale with Cheese batting - Pitching for Madison Bombers : RHP Soh Suzuki
|
Batting: LHB Robinson Fernández
|
0-0: Swinging Strike 0-1: Called Strike 0-2: Foul Ball, location: 2F 0-2: SINGLE (Groundball, 34D)
|
Batting: LHB William Ruffo
|
0-0: DOUBLE (Line Drive, 89XD) Robinson Fernández to third
|
Batting: LHB Seung-woo Yi
|
0-0: Called Strike 0-1: Swinging Strike 0-2: Ball 1-2: Strikes out swinging
|
Batting: RHB Miguel Encarnación
|
0-0: Fly out, F9 (Line Drive, 9S)
|
Batting: RHB Jorge Márquez
|
0-0: Swinging Strike 0-1: Ball 1-1: DOUBLE (Groundball, 5L) Robinson Fernández scores William Ruffo scores
|
Batting: LHB Juan Sánchez
|
0-0: Ball 1-0: Swinging Strike 1-1: Swinging Strike 1-2: Strikes out looking
|
Top of the 3rd over - 2 run(s), 3 hit(s), 0 error(s), 1 left on base; Kalamazoo 4 - Madison 0 |
BOTTOM OF THE 3RD |
Madison Bombers batting - Pitching for Kalamazoo Royale with Cheese : RHP Jason Taylor
|
Batting: LHB Sixto Cantú
|
0-0: Swinging Strike 0-1: Swinging Strike 0-2: Foul Ball, location: 2F 0-2: Ball 1-2: Ball 2-2: Foul Ball, location: 2F 2-2: Strikes out swinging
|
Batting: SHB Dave MacThomas
|
0-0: Fly out, F8 (Flyball, 8LM)
|
Batting: RHB Guo-xiu Choi
|
0-0: Called Strike 0-1: Called Strike 0-2: Ball 1-2: Foul Ball, location: 2F 1-2: Foul Ball, location: 2F 1-2: Ball 2-2: Ball 3-2: Strikes out swinging
|
Bottom of the 3rd over - 0 run(s), 0 hit(s), 0 error(s), 0 left on base; Kalamazoo 4 - Madison 0 |
TOP OF THE 4TH |
Kalamazoo Royale with Cheese batting - Pitching for Madison Bombers : RHP Soh Suzuki
|
Batting: LHB Bill McJannett
|
0-0: Ball 1-0: Called Strike 1-1: Foul Ball, location: 2F 1-2: Strikes out swinging
|
Batting: RHB Jonathan MacVey
|
0-0: Fly out, F7 (Flyball, 7LM)
|
Batting: RHB Fernando Martínez
|
0-0: Called Strike 0-1: SINGLE (Groundball, 6MD) (infield hit)
|
Batting: LHB Robinson Fernández
|
0-0: Called Strike 0-1: Ball 1-1: Ball 2-1: Foul Ball, location: 2F 2-2: Foul Ball, location: 2F 2-2: Foul Ball, location: 2F 2-2: Ball 3-2: Base on Balls Fernando Martínez to second
|
Batting: LHB William Ruffo
|
0-0: Ball 1-0: Ball 2-0: Called Strike 2-1: Ball 3-1: Base on Balls Fernando Martínez to third Robinson Fernández to second
|
Batting: LHB Seung-woo Yi
|
0-0: Ball 1-0: Ball 2-0: Swinging Strike 2-1: Ground out 4-3 (Groundball, 4)
|
Top of the 4th over - 0 run(s), 1 hit(s), 0 error(s), 3 left on base; Kalamazoo 4 - Madison 0 |
BOTTOM OF THE 4TH |
Madison Bombers batting - Pitching for Kalamazoo Royale with Cheese : RHP Jason Taylor
|
Batting: LHB Robin Hill
|
0-0: Foul Ball, location: 2F 0-1: Ground out U3 (Groundball, 3L)
|
Batting: RHB Alonso Holguín
|
0-0: Called Strike 0-1: Ball 1-1: Ball 2-1: Ball 3-1: Base on Balls
|
Batting: LHB Seung-chun Mun
|
0-0: Foul Ball, location: 2F 0-1: Ball 1-1: Swinging Strike 1-2: Ball 2-2: Foul Ball, location: 2F 2-2: Ball 3-2: Fly out, F9 (Flyball, 89D)
|
Batting: RHB Vicente Aguirre
|
0-0: Ball 1-0: Swinging Strike 1-1: Ball 2-1: Swinging Strike 2-2: Foul Ball, location: 2F 2-2: Foul Ball, location: 2F 2-2: Strikes out swinging
|
Bottom of the 4th over - 0 run(s), 0 hit(s), 0 error(s), 1 left on base; Kalamazoo 4 - Madison 0 |
TOP OF THE 5TH |
Kalamazoo Royale with Cheese batting - Pitching for Madison Bombers : RHP Soh Suzuki
|
Batting: RHB Miguel Encarnación
|
0-0: Ball 1-0: Called Strike 1-1: Ball 2-1: Ball 3-1: Base on Balls
|
Batting: RHB Jorge Márquez
|
0-0: Called Strike 0-1: DOUBLE (Groundball, 5D) Miguel Encarnación to third Runner from 3rd tries for Home, SAFE, no throw or cutoff
|
Batting: LHB Juan Sánchez
|
0-0: Called Strike 0-1: Swinging Strike 0-2: Ball 1-2: Foul Ball, location: 2F 1-2: Ball 2-2: Ground out 4-3 (Groundball, 4) Jorge Márquez to third
|
Batting: LHB Bill McJannett
|
0-0: Called Strike 0-1: Ball 1-1: Ball 2-1: Ball 3-1: Ground out 3-1 (Groundball, 3)
|
Batting: RHB Jonathan MacVey
|
0-0: Ball 1-0: Ball 2-0: Ball 3-0: Fly out, F1 (Line Drive, 15)
|
Top of the 5th over - 1 run(s), 1 hit(s), 0 error(s), 1 left on base; Kalamazoo 5 - Madison 0 |
BOTTOM OF THE 5TH |
Madison Bombers batting - Pitching for Kalamazoo Royale with Cheese : RHP Jason Taylor
|
Batting: LHB Mike Callahan
|
0-0: Swinging Strike 0-1: Called Strike 0-2: Ball 1-2: Foul Ball, location: 2F 1-2: Foul Ball, location: 2F 1-2: Ball 2-2: Fly out, F9 (Line Drive, 9M)
|
Batting: RHB Sergio Márquez
|
0-0: Foul Ball, location: 2F 0-1: Ball 1-1: Ball 2-1: Called Strike 2-2: Strikes out swinging
|
Batting: LHB Sixto Cantú
|
0-0: Ball 1-0: Called Strike 1-1: Foul Ball, location: 2F 1-2: Ball 2-2: Ball 3-2: Ground out 5-3 (Groundball, 56S)
|
Bottom of the 5th over - 0 run(s), 0 hit(s), 0 error(s), 0 left on base; Kalamazoo 5 - Madison 0 |
TOP OF THE 6TH |
Kalamazoo Royale with Cheese batting - Pitching for Madison Bombers : RHP Soh Suzuki
|
Pitching: LHP Dave Carbone
|
|
Batting: RHB Fernando Martínez
|
0-0: Ground out 6-3 (Groundball, 56)
|
Batting: LHB Robinson Fernández
|
0-0: Called Strike 0-1: Called Strike 0-2: Ball 1-2: Ground out 6-3 (Groundball, 6M)
|
Batting: LHB William Ruffo
|
0-0: Ball 1-0: Ball 2-0: Fly out, F6 (Popup, 6MS)
|
Top of the 6th over - 0 run(s), 0 hit(s), 0 error(s), 0 left on base; Kalamazoo 5 - Madison 0 |
BOTTOM OF THE 6TH |
Madison Bombers batting - Pitching for Kalamazoo Royale with Cheese : RHP Jason Taylor
|
Batting: SHB Dave MacThomas
|
0-0: SINGLE (Flyball, 9S)
|
Batting: RHB Guo-xiu Choi
|
0-0: Ground out 4-3 (Groundball, 4M) Dave MacThomas to second
|
Batting: LHB Robin Hill
|
0-0: Ball 1-0: Ground out 6-3 (Groundball, 6) Dave MacThomas to third
|
Batting: RHB Alonso Holguín
|
0-0: Ball 1-0: Foul Ball, location: 2F 1-1: Foul Ball, location: 2F 1-2: Foul Ball, location: 2F 1-2: Ball 2-2: Ball 3-2: Foul Ball, location: 2F 3-2: Foul Ball, location: 2F 3-2: SINGLE (Flyball, 8RS) Dave MacThomas scores
|
Batting: LHB Seung-chun Mun
|
0-0: Called Strike 0-1: Ball 1-1: Foul Ball, location: 2F 1-2: Fly out, F7 (Line Drive, 78M)
|
Bottom of the 6th over - 1 run(s), 2 hit(s), 0 error(s), 1 left on base; Kalamazoo 5 - Madison 1 |
TOP OF THE 7TH |
Kalamazoo Royale with Cheese batting - Pitching for Madison Bombers : LHP Dave Carbone
|
Batting: LHB Seung-woo Yi
|
0-0: Foul Ball, location: 2F 0-1: SINGLE (Flyball, 9S)
|
Batting: RHB Miguel Encarnación
|
0-0: Called Strike 0-1: Called Strike 0-2: Foul Ball, location: 2F 0-2: Ball 1-2: Ball 2-2: Ball 3-2: SINGLE (Line Drive, 56D) Seung-woo Yi to second
|
Batting: RHB Jorge Márquez
|
0-0: Called Strike 0-1: Bunted foul 0-2: Ball 1-2: Foul Ball, location: 2F 1-2: Ball 2-2: Ball 3-2: Foul Ball, location: 2F 3-2: Foul Ball, location: 2F 3-2: SINGLE (Groundball, 4MD) Seung-woo Yi to third Miguel Encarnación to second
|
Batting: LHB Juan Sánchez
|
0-0: Called Strike 0-1: Grounds into double play, 4-6-3 (Groundball, 4) Seung-woo Yi scores Miguel Encarnación to third
|
Batting: LHB Bill McJannett
|
0-0: Called Strike 0-1: Foul Ball, location: 2F 0-2: Ball 1-2: Strikes out looking
|
Top of the 7th over - 1 run(s), 3 hit(s), 0 error(s), 1 left on base; Kalamazoo 6 - Madison 1 |
BOTTOM OF THE 7TH |
Madison Bombers batting - Pitching for Kalamazoo Royale with Cheese : RHP Jason Taylor
|
Pitching: RHP Fergus Wakeford
|
|
Batting: RHB Vicente Aguirre
|
0-0: Ball 1-0: Hit by Pitch
|
Batting: LHB Mike Callahan
|
0-0: Called Strike 0-1: Ball 1-1: Foul Ball, location: 2F 1-2: Ground out 4-3 (Groundball, 4M) Vicente Aguirre to second
|
Batting: RHB Sergio Márquez
|
0-0: Fly out, F8 (Line Drive, 8LS)
|
Batting: LHB Sixto Cantú
|
0-0: Foul Ball, location: 2F 0-1: Called Strike 0-2: Ball 1-2: Strikes out swinging
|
Bottom of the 7th over - 0 run(s), 0 hit(s), 0 error(s), 1 left on base; Kalamazoo 6 - Madison 1 |
TOP OF THE 8TH |
Kalamazoo Royale with Cheese batting - Pitching for Madison Bombers : LHP Dave Carbone
|
Pitching: RHP Arthur Green
|
|
Batting: RHB Jonathan MacVey
|
0-0: Foul Ball, location: 2F 0-1: Ball 1-1: Ball 2-1: Foul Ball, location: 2F 2-2: Ground out 6-3 (Groundball, 6)
|
Batting: RHB Fernando Martínez
|
0-0: Ball 1-0: Ball 2-0: Foul Ball, location: 2F 2-1: Ball 3-1: Swinging Strike 3-2: Foul Ball, location: 2F 3-2: Base on Balls
|
Batting: LHB Robinson Fernández
|
0-0: Called Strike 0-1: Ball 1-1: Fly out, F9 (Flyball, 9S)
|
Batting: LHB William Ruffo
|
0-0: Ball 1-0: Called Strike 1-1: Ball 2-1: Foul Ball, location: 2F 2-2: Ball 3-2: Base on Balls Fernando Martínez to second
|
Batting: LHB Seung-woo Yi
|
0-0: Ball 1-0: Ball 2-0: Swinging Strike 2-1: DOUBLE (Line Drive, 7LM) Fernando Martínez scores William Ruffo to third Runner from 3rd tries for Home, SAFE, no throw or cutoff
|
Batting: RHB Miguel Encarnación
|
0-0: Called Strike 0-1: SINGLE (Line Drive, 89S) Seung-woo Yi to third
|
Batting: RHB Jorge Márquez
|
0-0: Ground out 1-3 (Groundball, 23)
|
Top of the 8th over - 2 run(s), 2 hit(s), 0 error(s), 2 left on base; Kalamazoo 8 - Madison 1 |
BOTTOM OF THE 8TH |
Madison Bombers batting - Pitching for Kalamazoo Royale with Cheese : RHP Fergus Wakeford
|
Batting: SHB Dave MacThomas
|
0-0: Called Strike 0-1: Foul Ball, location: 2F 0-2: Foul Ball, location: 2F 0-2: Ball 1-2: Ground out 4-3 (Groundball, 4M)
|
Batting: RHB Guo-xiu Choi
|
0-0: Ball 1-0: Called Strike 1-1: Called Strike 1-2: Ball 2-2: Ball 3-2: Base on Balls
|
Batting: LHB Robin Hill
|
0-0: Foul Ball, location: 2F 0-1: Swinging Strike 0-2: Ball Wild Pitch! Guo-xiu Choi to second 1-2: Ball 2-2: Strikes out looking
|
Batting: RHB Alonso Holguín
|
0-0: Ball 1-0: Ball 2-0: Ball 3-0: Called Strike 3-1: Fly out, F2 (Popup, 2LF)
|
Bottom of the 8th over - 0 run(s), 0 hit(s), 0 error(s), 1 left on base; Kalamazoo 8 - Madison 1 |
TOP OF THE 9TH |
Kalamazoo Royale with Cheese batting - Pitching for Madison Bombers : RHP Arthur Green
|
Batting: LHB Juan Sánchez
|
0-0: Swinging Strike 0-1: Called Strike 0-2: Ball 1-2: Ball 2-2: Ground out U3 (Groundball, 3)
|
Batting: LHB Bill McJannett
|
0-0: Foul Ball, location: 2F 0-1: Ball 1-1: Foul Ball, location: 2F 1-2: Ball 2-2: Fly out, F4 (Line Drive, 4)
|
Batting: RHB Jonathan MacVey
|
0-0: Called Strike 0-1: Ball 1-1: Foul Ball, location: 2F 1-2: Ball 2-2: SINGLE (Line Drive, 6M)
|
Batting: RHB Fernando Martínez
|
0-0: Called Strike 0-1: Ball 1-1: Ball 2-1: SINGLE (Line Drive, 6M) Jonathan MacVey to second
|
Batting: LHB Robinson Fernández
|
0-0: Called Strike 0-1: Foul Ball, location: 2F 0-2: Ball 1-2: Ball 2-2: Fly out, F2 (Popup, 2LF)
|
Top of the 9th over - 0 run(s), 2 hit(s), 0 error(s), 2 left on base; Kalamazoo 8 - Madison 1 |
BOTTOM OF THE 9TH |
Madison Bombers batting - Pitching for Kalamazoo Royale with Cheese : RHP Fergus Wakeford
|
Batting: LHB Seung-chun Mun
|
0-0: Ball 1-0: Ball 2-0: Foul Ball, location: 2F 2-1: Foul Ball, location: 2F 2-2: Ball 3-2: SINGLE (Flyball, 9S)
|
Batting: RHB Vicente Aguirre
|
0-0: Ball 1-0: Ball 2-0: Grounds into double play, 4-6-3 (Groundball, 34)
|
Batting: LHB Mike Callahan
|
0-0: Fly out, F8 (Flyball, 8RS)
|
Bottom of the 9th over - 0 run(s), 1 hit(s), 0 error(s), 0 left on base; Kalamazoo 8 - Madison 1 |
|